Panthers vs Coyotes

Created - Sunday, March 06, 2016 at 03:58

Goals
1 2 3 OT1 SO T
Panthers 3 2 1 0 1 7
Coyotes 1 2 3 0 0 6
Shots
1 2 3 OT1 SO T
Panthers 16 9 6 4 6 35
Coyotes 5 12 13 1 6 31

1st period

1. Coyotes , Yannick Weber 12 (R.J. Umberger, Stephen Weiss) at 0:34
2. Panthers , Nino Niederreiter 29 (Brad Boyes, Charlie Coyle) at 2:56 (PP)
3. Panthers , Alex Galchenyuk 19 (Calle Jarnkrok) at 3:22 (PP)
4. Panthers , Brad Boyes 25 (Charlie Coyle) at 3:26 (PP)

Penalties :
R.J. Umberger (Ari) for Roughing (Double Minor) at 2:07, Andrej Sustr (Ari) for Roughing (Minor) at 2:33, Andrej Sustr (Ari) for Tripping (Minor) at 4:43, Philippe Paradis (Ari) for Holding (Minor) at 11:23, Robert Bortuzzo (Fla) for High sticking (Minor) at 14:49, Elias Lindholm (Ari) for Hooking (Minor) at 16:40

2nd period

5. Coyotes , Tobias Rieder 8 (Stephen Weiss) at 1:18 (SH)
6. Panthers , Adam Larsson 3 (Sean Bergenheim, Alex Galchenyuk) at 9:44
7. Coyotes , Rob Klinkhammer 8 (Tobias Rieder, Michal Jordan) at 10:10
8. Panthers , Nino Niederreiter 30 (Charlie Coyle) at 15:51

Penalties :
Mark Borowiecki (Ari) for Hooking (Minor) at 0:58, Charlie Coyle (Fla) for Hooking (Minor) at 3:22, Dmitrij Jaskin (Ari) for Hooking (Minor) at 7:22, Stephen Weiss (Ari) for Interference (Minor) at 13:43, Carlo Colaiacovo (Fla) for Interference (Minor) at 16:15

3rd period

9. Coyotes , Dmitrij Jaskin 4 (Eric Nystrom) at 4:22
10. Panthers , Brad Boyes 26 (Adam Larsson, Jakob Silfverberg) at 8:55
11. Coyotes , R.J. Umberger 19 (Andrej Sustr, David Jones) at 11:15 (PP)
12. Coyotes , Eric Nystrom 6 (Tobias Rieder, Elias Lindholm) at 17:53 (PP)

Penalties :
Alex Galchenyuk (Fla) for Goalie Interference (Minor) at 5:45, Charlie Coyle (Fla) for Tripping (Minor) at 11:01, Robert Bortuzzo (Fla) for Tripping (Minor) at 13:54, Kevin Hayes (Fla) for Slashing (Minor) at 16:50

Overtime #1

No Goal

Penalties :
No Penalty

Shootout

Penalty Shot by Kevin Hayes for Panthers - Shot Misses the Net
Penalty Shot by Elias Lindholm for Coyotes - Shot Misses the Net
Penalty Shot by Brad Boyes for Panthers - Stopped by Carter Hutton
Penalty Shot by Tobias Rieder for Coyotes - Stopped by Kevin Poulin
Penalty Shot by Calle Jarnkrok for Panthers - Stopped by Carter Hutton
Penalty Shot by Dmitrij Jaskin for Coyotes - Stopped by Kevin Poulin
Penalty Shot by Charlie Coyle for Panthers - Stopped by Carter Hutton
Penalty Shot by Eric Nystrom for Coyotes - Stopped by Kevin Poulin
Penalty Shot by Alex Galchenyuk for Panthers - Shot Misses the Net
Penalty Shot by David Jones for Coyotes - Shot Misses the Net
Penalty Shot by Jakob Silfverberg for Panthers - Goal!
Penalty Shot by Rob Klinkhammer for Coyotes - Stopped by Kevin Poulin

Penalties :
No Penalty

Goalie Stats

Kevin Poulin (Fla), 25 saves from 31 shots - (0.806), W, 12-37-0, 65:00 minutes
Carter Hutton (Ari), 29 saves from 35 shots - (0.829), OTL, 2-12-4, 65:00 minutes

Players Stats for Panthers

Player Name              G  A  P  +/- PIM S  H  SB GA TA FO     MP     PP MP  PK MP  
------------------------------------------------------------------------------------
Adam Larsson             1  1  2   0  0   1  0  2  0  0  0/0    14:57   0:00   0:00 
Alex Galchenyuk          1  1  2   0  2   3  1  0  4  1  1/2    25:00   6:12   1:37 
Alexander Semin          0  0  0   0  0   2  0  0  1  0  1/1     9:12   0:18   0:00 
Brad Boyes               2  1  3  -1  0   3  3  0  3  0  1/1    21:28   6:32   2:38 
Calle Jarnkrok           0  1  1   0  0   2  0  1  2  2  3/5    24:47   6:15   8:15 
Calvin de Haan           0  0  0   0  0   1  4  0  0  3  0/0    24:17   5:39   6:41 
Carlo Colaiacovo         0  0  0   0  2   0  0  1  0  0  0/0    19:49   4:59   3:15 
Charlie Coyle            0  3  3  -1  4   5  3  1  3  1  11/15  21:55   6:50   1:18 
Jack Hillen              0  0  0   0  0   0  0  1  0  0  0/0     4:32   0:00   2:11 
Jakob Silfverberg        0  1  1  -1  0   2  0  0  1  1  0/0    10:23   0:00   0:00 
Kevin Hayes              0  0  0   0  2   2  1  1  3  0  20/27  23:42   5:30   6:49 
Lubomir Visnovsky        0  0  0   0  0   3  0  0  1  1  0/0    12:52   0:00   0:00 
Nino Niederreiter        2  0  2   0  0   4  0  0  2  0  3/6    14:31   6:50   0:00 
Paul Byron               0  0  0   0  0   0  0  0  0  0  0/5     7:20   0:00   0:00 
Robert Bortuzzo          0  0  0  -1  4   1  5  2  0  1  0/0    22:41   7:29   2:30 
Ron Hainsey              0  0  0  -1  0   4  0  0  0  2  0/0    31:42   8:06   7:31 
Ryan Johansen            0  0  0   0  0   0  0  0  0  0  0/0     9:08   0:45   0:00 
Sean Bergenheim          0  1  1   0  0   2  1  0  1  0  0/1    10:25   0:00   1:31 

Players Stats for Coyotes

Player Name              G  A  P  +/- PIM S  H  SB GA TA FO     MP     PP MP  PK MP  
------------------------------------------------------------------------------------
Andrej Sustr             0  1  1  -1  4   1  2  0  0  1  0/0    28:38   5:16   5:49 
Bobby Butler             0  0  0  -1  0   3  1  0  1  0  0/0     4:33   0:00   0:00 
Carter Ashton            0  0  0  -1  0   0  1  0  0  0  1/2     6:56   0:00   0:03 
David Jones              0  1  1   0  0   2  1  0  5  0  0/2    17:19   5:50   0:00 
Dmitrij Jaskin           1  0  1   1  2   2  0  0  1  0  0/0     8:31   0:00   0:40 
Elias Lindholm           0  1  1   0  2   2  0  1  1  0  11/28  25:31   5:13   6:36 
Eric Nystrom             1  1  2   0  0   5  3  0  2  1  1/3    20:53   5:14   7:46 
Greg Pateryn             0  0  0  -1  0   0  0  1  1  2  0/0    13:11   0:00   3:24 
Mark Barberio            0  0  0  -1  0   0  0  1  0  2  0/0    17:24   0:00   7:37 
Mark Borowiecki          0  0  0  -1  2   0  3  0  0  2  0/0    20:47   0:00   6:45 
Michal Jordan            0  1  1   3  0   3  1  2  0  0  0/0    16:58   5:48   0:00 
Philippe Paradis         0  0  0   1  2   0  0  0  0  1  0/0    12:12   0:00   0:00 
R.J. Umberger            1  1  2   0  4   1  3  0  3  0  0/0    17:18   5:50   0:00 
Rob Klinkhammer          1  0  1   1  0   2  2  0  4  0  0/1    15:09   0:00   2:10 
Stephen Weiss            0  2  2   0  2   3  1  0  1  0  7/20   21:39   5:50   3:11 
T.J. Brennan             0  0  0   0  0   0  2  0  0  0  0/0    12:38   5:48   1:17 
Tobias Rieder            1  2  3   1  0   5  0  1  4  3  3/7    25:09   5:14   4:55 
Yannick Weber            1  0  1   3  0   2  2  0  0  0  0/0    21:04   5:16   1:17 

3 Stars

1 - Brad Boyes (Fla)
2 - Tobias Rieder (Ari)
3 - Nino Niederreiter (Fla)

Power Play

Panthers - 3 on 9 Attempt(s) - 33.33%
Coyotes - 2 on 7 Attempt(s) - 28.57%

Penalty Kill

Panthers - 5 on 7 Attempt(s) - 71.43% - Score 0 goal in Penalty Kill
Coyotes - 6 on 9 Attempt(s) - 66.67% - Score 1 goal in Penalty Kill

Team Stat

Panthers - Hits : 18 - Faceoff Wins : 40 - Blocked Shots : 9 - Penalty Minutes : 14
Coyotes - Hits : 22 - Faceoff Wins : 23 - Blocked Shots : 6 - Penalty Minutes : 18

Official

Referees : Unknown
Linesman : Unknown

Game Notes

10:10 of 2nd period - Coyotes goal is going for a video replay. After video review, Goal.

Finance

Level 1 -- Attendance: 4060 (67.67%) -- Ticket Income $373,520
Level 2 -- Attendance: 3585 (71.70%) -- Ticket Income $215,100
Level 3 -- Attendance: 1670 (83.50%) -- Ticket Income $53,440
Level 4 -- Attendance: 3023 (75.58%) -- Ticket Income $60,460
Luxury Box -- Attendance: 749 (74.90%) -- Ticket Income $138,565
Game was played at the Glendale Arena.
Total Attendance: 13087 (72.71%)
Total Ticket Income: $841,085
Other Income: $412,132
Total Income: $1,253,217

Panthers

5 vs 5 Forward 
   Center                   Left Wing                Right Wing               Time % Phy DF OF 
 1 Nino Niederreiter        Alex Galchenyuk          Calle Jarnkrok           35     1   2  2  
 2 Charlie Coyle            Jakob Silfverberg        Brad Boyes               30     1   2  2  
 3 Kevin Hayes              Ryan Johansen            Alexander Semin          22     1   2  2  
 4 Paul Byron               Sean Bergenheim          Alex Galchenyuk          13     1   2  2  

5 vs 5 Defense 
   Defense                  Defense                                           Time % Phy DF OF 
 1 Carlo Colaiacovo         Ron Hainsey                                       35     1   2  2  
 2 Adam Larsson             Lubomir Visnovsky                                 30     1   2  2  
 3 Calvin de Haan           Robert Bortuzzo                                   22     1   2  2  
 4 Jack Hillen              Ron Hainsey                                       13     1   2  2  

PowerPlay Forward 
   Center                   Left Wing                Right Wing               Time % Phy DF OF 
 1 Kevin Hayes              Calle Jarnkrok           Alex Galchenyuk          60     1   2  2  
 2 Charlie Coyle            Nino Niederreiter        Brad Boyes               40     1   2  2  

PowerPlay Defense
   Defense                  Defense                                           Time % Phy DF OF 
 1 Robert Bortuzzo          Ron Hainsey                                       60     1   2  2  
 2 Carlo Colaiacovo         Calvin de Haan                                    40     1   2  2  

Penalty Kill 4 Players Forward 
   Center                   Wing                     Time % Phy DF OF 
 1 Kevin Hayes              Calle Jarnkrok           60     1   2  2  
 2 Alex Galchenyuk          Charlie Coyle            40     1   2  2  

Penalty Kill 4 Players Defense
   Defense                  Defense                  Time % Phy DF OF 
 1 Calvin de Haan           Ron Hainsey              60     1   2  2  
 2 Carlo Colaiacovo         Robert Bortuzzo          40     1   2  2  

Penalty Kill - 3 Players Forward 
   Forward                                           Time % Phy DF OF 
 1 Kevin Hayes                                       60     1   2  2  
 2 Charlie Coyle                                     40     1   2  2  

Penalty Kill - 3 Players Defense
   Defense                  Defense                  Time % Phy DF OF 
 1 Calvin de Haan           Ron Hainsey              60     1   2  2  
 2 Lubomir Visnovsky        Robert Bortuzzo          40     1   2  2  

4 vs 4 Forward 
   Center                   Wing                     Time % Phy DF OF 
 1 Calle Jarnkrok           Kevin Hayes              60     1   2  2  
 2 Alex Galchenyuk          Charlie Coyle            40     1   2  2  

4 vs 4 Defense
   Defense                  Defense                  Time % Phy DF OF 
 1 Robert Bortuzzo          Ron Hainsey              60     1   2  2  
 2 Adam Larsson             Calvin de Haan           40     1   2  2  

Last Minutes Offensive
   Center                   Left Wing                Right Wing               Defense                  Defense                  
   Nino Niederreiter        Alex Galchenyuk          Calle Jarnkrok           Carlo Colaiacovo         Ron Hainsey              

Last Minutes Defensive
   Center                   Left Wing                Right Wing               Defense                  Defense                  
   Nino Niederreiter        Alex Galchenyuk          Calle Jarnkrok           Carlo Colaiacovo         Ron Hainsey              

Goaltenders
Starting : Kevin Poulin             
Backup : Michael Hutchinson       

Extra Forwards
Normal : Charlie Coyle, Kevin Hayes, Alex Galchenyuk - PP : Charlie Coyle, Kevin Hayes - PK : Alex Galchenyuk
Extra Defensemen
Normal : Calvin de Haan, Robert Bortuzzo, Ron Hainsey - PP : Ron Hainsey - PK : Robert Bortuzzo, Ron Hainsey
Penalty Shots
Kevin Hayes, Brad Boyes, Calle Jarnkrok, Charlie Coyle, Alex Galchenyuk

Coyotes

5 vs 5 Forward 
   Center                   Left Wing                Right Wing               Time % Phy DF OF 
 1 Elias Lindholm           Dmitrij Jaskin           Eric Nystrom             35     1   2  2  
 2 Stephen Weiss            R.J. Umberger            David Jones              30     1   2  2  
 3 Tobias Rieder            Philippe Paradis         Rob Klinkhammer          22     1   2  2  
 4 Elias Lindholm           Carter Ashton            Bobby Butler             13     1   2  2  

5 vs 5 Defense 
   Defense                  Defense                                           Time % Phy DF OF 
 1 Mark Borowiecki          Andrej Sustr                                      35     1   2  2  
 2 Yannick Weber            Michal Jordan                                     30     1   2  2  
 3 Greg Pateryn             Mark Barberio                                     22     1   2  2  
 4 T.J. Brennan             Andrej Sustr                                      13     1   2  2  

PowerPlay Forward 
   Center                   Left Wing                Right Wing               Time % Phy DF OF 
 1 Elias Lindholm           Tobias Rieder            Eric Nystrom             60     1   2  2  
 2 Stephen Weiss            R.J. Umberger            David Jones              40     1   2  2  

PowerPlay Defense
   Defense                  Defense                                           Time % Phy DF OF 
 1 Yannick Weber            Andrej Sustr                                      60     1   2  2  
 2 T.J. Brennan             Michal Jordan                                     40     1   2  2  

Penalty Kill 4 Players Forward 
   Center                   Wing                     Time % Phy DF OF 
 1 Elias Lindholm           Eric Nystrom             60     1   2  2  
 2 Stephen Weiss            Tobias Rieder            40     1   2  2  

Penalty Kill 4 Players Defense
   Defense                  Defense                  Time % Phy DF OF 
 1 Mark Borowiecki          Andrej Sustr             60     1   2  2  
 2 Greg Pateryn             Mark Barberio            40     1   2  2  

Penalty Kill - 3 Players Forward 
   Forward                                           Time % Phy DF OF 
 1 Elias Lindholm                                    60     1   2  2  
 2 Stephen Weiss                                     40     1   2  2  

Penalty Kill - 3 Players Defense
   Defense                  Defense                  Time % Phy DF OF 
 1 Mark Borowiecki          Andrej Sustr             60     1   2  2  
 2 Greg Pateryn             Mark Barberio            40     1   2  2  

4 vs 4 Forward 
   Center                   Wing                     Time % Phy DF OF 
 1 Elias Lindholm           Tobias Rieder            60     1   2  2  
 2 Stephen Weiss            Eric Nystrom             40     1   2  2  

4 vs 4 Defense
   Defense                  Defense                  Time % Phy DF OF 
 1 Mark Borowiecki          Andrej Sustr             60     1   2  2  
 2 Yannick Weber            T.J. Brennan             40     1   2  2  

Last Minutes Offensive
   Center                   Left Wing                Right Wing               Defense                  Defense                  
   Elias Lindholm           Tobias Rieder            Eric Nystrom             Yannick Weber            Andrej Sustr             

Last Minutes Defensive
   Center                   Left Wing                Right Wing               Defense                  Defense                  
   Elias Lindholm           Tobias Rieder            Eric Nystrom             Mark Borowiecki          Andrej Sustr             

Goaltenders
Starting : Carter Hutton            
Backup : Magnus Hellberg          

Extra Forwards
Normal : Carter Ashton, Dmitrij Jaskin, Rob Klinkhammer - PP : Carter Ashton, Dmitrij Jaskin - PK : Rob Klinkhammer
Extra Defensemen
Normal : Greg Pateryn, Mark Barberio, T.J. Brennan - PP : Greg Pateryn - PK : Mark Barberio, T.J. Brennan
Penalty Shots
Elias Lindholm, Tobias Rieder, Dmitrij Jaskin, Eric Nystrom, David Jones

% Time on Ice - Panthers

Lines # - Real PCT - Wanted PCT - Time Play
Normal Forward
1 - 23% - 35% - 8:22
2 - 33% - 30% - 11:38
3 - 23% - 22% - 8:23
4 - 21% - 13% - 7:20
Normal Defense
1 - 32% - 35% - 11:31
2 - 39% - 30% - 14:03
3 - 24% - 22% - 8:38
4 - 4% - 13% - 1:31
PP Forward
1 - 48% - 60% - 6:15
2 - 52% - 40% - 6:50
PP Defense
1 - 62% - 60% - 8:06
2 - 38% - 40% - 4:59
PK Forward
1 - 83% - 60% - 9:14
2 - 17% - 40% - 1:50
PK Defense
1 - 60% - 60% - 6:41
2 - 40% - 40% - 4:23
PK3 Forward
1 - 0% - 60%
2 - 0% - 40%
PK3 Defense
1 - 0% - 60%
2 - 0% - 40%
44 Forward
1 - 100% - 60% - 5:08
2 - 0% - 40% - 0:00
44 Defense
1 - 59% - 60% - 3:03
2 - 41% - 40% - 2:05
Last Minute Offensive  - 0:00
Last Minute Defensive  - 0:00
Total
Forward - 65:00
Defense - 65:00

% Time on Ice - Coyotes

Lines # - Real PCT - Wanted PCT - Time Play
Normal Forward
1 - 21% - 35% - 7:28
2 - 33% - 30% - 11:50
3 - 33% - 22% - 11:52
4 - 13% - 13% - 4:33
Normal Defense
1 - 34% - 35% - 12:05
2 - 33% - 30% - 11:49
3 - 26% - 22% - 9:08
4 - 8% - 13% - 2:41
PP Forward
1 - 47% - 60% - 5:14
2 - 53% - 40% - 5:50
PP Defense
1 - 48% - 60% - 5:16
2 - 52% - 40% - 5:48
PK Forward
1 - 69% - 60% - 8:29
2 - 31% - 40% - 3:47
PK Defense
1 - 62% - 60% - 7:35
2 - 38% - 40% - 4:41
PK3 Forward
1 - 100% - 60% - 0:49
2 - 0% - 40% - 0:00
PK3 Defense
1 - 100% - 60% - 0:49
2 - 0% - 40% - 0:00
44 Forward
1 - 87% - 60% - 4:28
2 - 13% - 40% - 0:40
44 Defense
1 - 45% - 60% - 2:18
2 - 55% - 40% - 2:50
Last Minute Offensive  - 0:00
Last Minute Defensive  - 0:00
Total
Forward - 65:00
Defense - 65:00

Play by Play

1st period


0:01 of 1st period - Elias Lindholm wins face-off versus Nino Niederreiter in neutral zone.
0:16 of 1st period - Slapshot by Alex Galchenyuk.
0:16 of 1st period - Shot Misses the Net.
0:18 of 1st period - Slapshot by Ron Hainsey.
0:18 of 1st period - Stopped by Carter Hutton without a rebound.
0:19 of 1st period - Nino Niederreiter wins face-off versus Elias Lindholm in Coyotes zone.
0:26 of 1st period - Snap shot by Calle Jarnkrok.
0:26 of 1st period - Stopped by Carter Hutton without a rebound.
0:27 of 1st period - Stephen Weiss wins face-off versus Charlie Coyle in Coyotes zone.
0:34 of 1st period - Slapshot by Yannick Weber.
0:34 of 1st period - Goal by Yannick Weber - Panthers : 0 - Coyotes : 1.
0:35 of 1st period - Tobias Rieder wins face-off versus Kevin Hayes in neutral zone.
0:48 of 1st period - Snap shot by Rob Klinkhammer.
0:48 of 1st period - Deflect By Tobias Rieder.
0:48 of 1st period - Shot Misses the Net.
0:48 of 1st period - Puck is out of play.
0:49 of 1st period - Tobias Rieder wins face-off versus Kevin Hayes in Panthers zone.
1:51 of 1st period - Slapshot by Charlie Coyle.
1:51 of 1st period - Shot Misses the Net.
1:53 of 1st period - Snap shot by Charlie Coyle.
1:53 of 1st period - Stopped by Carter Hutton with a rebound.
1:59 of 1st period - Wrist shot by Charlie Coyle.
1:59 of 1st period - Stopped by Carter Hutton with a rebound.
2:07 of 1st period - Double Minor Penalty to R.J. Umberger for Roughing.
2:08 of 1st period - Elias Lindholm wins face-off versus Kevin Hayes in Coyotes zone.
2:33 of 1st period - Minor Penalty to Andrej Sustr for Roughing.
2:34 of 1st period - Elias Lindholm wins face-off versus Charlie Coyle in Coyotes zone.
2:52 of 1st period - Wrist shot by Nino Niederreiter.
2:52 of 1st period - Stopped by Carter Hutton with a rebound.
2:56 of 1st period - Snap shot by Nino Niederreiter.
2:56 of 1st period - Goal by Nino Niederreiter - Panthers : 1 - Coyotes : 1.
2:57 of 1st period - Elias Lindholm wins face-off versus Calle Jarnkrok in neutral zone.
3:22 of 1st period - Slapshot by Alex Galchenyuk.
3:22 of 1st period - Goal by Alex Galchenyuk - Panthers : 2 - Coyotes : 1.
3:23 of 1st period - Charlie Coyle wins face-off versus Elias Lindholm in neutral zone.
3:26 of 1st period - Snap shot by Brad Boyes.
3:26 of 1st period - Goal by Brad Boyes - Panthers : 3 - Coyotes : 1.
3:27 of 1st period - Nino Niederreiter wins face-off versus Elias Lindholm in neutral zone.
3:50 of 1st period - Slapshot by Yannick Weber.
3:50 of 1st period - Shot Blocked by Calle Jarnkrok.
3:56 of 1st period - Slapshot by Dmitrij Jaskin.
3:56 of 1st period - Stopped by Kevin Poulin with a rebound.
4:20 of 1st period - Jakob Silfverberg is hit by David Jones.
4:24 of 1st period - Ron Hainsey is hit by Michal Jordan and loses puck.
4:35 of 1st period - Charlie Coyle is hit by Mark Borowiecki and loses puck.
4:43 of 1st period - Minor Penalty to Andrej Sustr for Tripping.
4:44 of 1st period - Elias Lindholm wins face-off versus Kevin Hayes in Coyotes zone.
4:53 of 1st period - Wrist shot by Alex Galchenyuk.
4:53 of 1st period - Shot Misses the Net.
5:23 of 1st period - Mark Borowiecki is hit by Robert Bortuzzo and loses puck.
6:24 of 1st period - Off-side.
6:25 of 1st period - Charlie Coyle wins face-off versus Stephen Weiss in neutral zone.
6:28 of 1st period - Wrist shot by Nino Niederreiter.
6:28 of 1st period - Stopped by Carter Hutton without a rebound.
6:29 of 1st period - Charlie Coyle wins face-off versus Stephen Weiss in Coyotes zone.
6:34 of 1st period - Wrist shot by Charlie Coyle.
6:34 of 1st period - Stopped by Carter Hutton with a rebound.
6:43 of 1st period - Penalty to Andrej Sustr is over, Andrej Sustr is back on ice.
7:12 of 1st period - Slapshot by Lubomir Visnovsky.
7:12 of 1st period - Stopped by Carter Hutton without a rebound.
7:13 of 1st period - Kevin Hayes wins face-off versus Tobias Rieder in Coyotes zone.
7:32 of 1st period - Snap shot by Tobias Rieder.
7:32 of 1st period - Stopped by Kevin Poulin with a rebound.
8:09 of 1st period - Andrej Sustr is hit by Charlie Coyle and loses puck.
10:18 of 1st period - Michal Jordan is hit by Sean Bergenheim and loses puck.
10:47 of 1st period - Michal Jordan is hit by Brad Boyes and loses puck.
11:23 of 1st period - Minor Penalty to Philippe Paradis for Holding.
11:24 of 1st period - Kevin Hayes wins face-off versus Elias Lindholm in Coyotes zone.
11:27 of 1st period - Backhand shot by Alex Galchenyuk.
11:27 of 1st period - Shot Blocked by Elias Lindholm.
11:29 of 1st period - Slapshot by Ron Hainsey.
11:29 of 1st period - Shot Blocked by Greg Pateryn.
11:31 of 1st period - Snap shot by Robert Bortuzzo.
11:31 of 1st period - Deflect By Mark Barberio.
11:31 of 1st period - Stopped by Carter Hutton with a rebound.
11:33 of 1st period - Slapshot by Ron Hainsey.
11:33 of 1st period - Deflect By Alex Galchenyuk.
11:33 of 1st period - Shot Misses the Net.
11:33 of 1st period - Puck is out of play.
11:34 of 1st period - Kevin Hayes wins face-off versus Elias Lindholm in Coyotes zone.
12:50 of 1st period - Calvin de Haan is hit by Andrej Sustr and loses puck.
12:57 of 1st period - Rob Klinkhammer is hit by Charlie Coyle and loses puck.
13:23 of 1st period - Penalty to Philippe Paradis is over, Philippe Paradis is back on ice.
13:52 of 1st period - Snap shot by Bobby Butler.
13:52 of 1st period - Shot Misses the Net.
13:58 of 1st period - Wrist shot by Elias Lindholm.
13:58 of 1st period - Shot Blocked by Adam Larsson.
14:00 of 1st period - Snap shot by Bobby Butler.
14:00 of 1st period - Stopped by Kevin Poulin with a rebound.
14:02 of 1st period - Slapshot by Yannick Weber.
14:02 of 1st period - Deflect By Elias Lindholm.
14:02 of 1st period - Shot Blocked by Kevin Hayes.
14:02 of 1st period - Puck is out of play.
14:03 of 1st period - Elias Lindholm wins face-off versus Paul Byron in Panthers zone.
14:23 of 1st period - Slapshot by Tobias Rieder.
14:23 of 1st period - Shot Misses the Net.
14:49 of 1st period - Minor Penalty to Robert Bortuzzo for High sticking.
14:50 of 1st period - Kevin Hayes wins face-off versus Stephen Weiss in Panthers zone.
14:59 of 1st period - Snap shot by David Jones.
14:59 of 1st period - Deflect By Calvin de Haan.
14:59 of 1st period - Shot Misses the Net.
14:59 of 1st period - Puck is out of play.
15:00 of 1st period - Kevin Hayes wins face-off versus Stephen Weiss in Panthers zone.
16:06 of 1st period - Snap shot by Stephen Weiss.
16:06 of 1st period - Shot Misses the Net.
16:08 of 1st period - Snap shot by David Jones.
16:08 of 1st period - Shot Blocked by Jack Hillen.
16:28 of 1st period - Jack Hillen is hit by Eric Nystrom and loses puck.
16:37 of 1st period - Slapshot by Sean Bergenheim.
16:37 of 1st period - Stopped by Carter Hutton without a rebound.
16:38 of 1st period - Eric Nystrom wins face-off versus Alex Galchenyuk in Coyotes zone.
16:40 of 1st period - Minor Penalty to Elias Lindholm for Hooking.
16:41 of 1st period - Carter Ashton wins face-off versus Calle Jarnkrok in Coyotes zone.
16:49 of 1st period - Penalty to Robert Bortuzzo is over, Robert Bortuzzo is back on ice.
17:13 of 1st period - Slapshot by Ron Hainsey.
17:13 of 1st period - Deflect By Brad Boyes.
17:13 of 1st period - Stopped by Carter Hutton with a rebound.
17:27 of 1st period - Eric Nystrom is hit by Calvin de Haan and loses puck.
18:40 of 1st period - Penalty to Elias Lindholm is over, Elias Lindholm is back on ice.
18:40 of 1st period - Snap shot by Charlie Coyle.
18:40 of 1st period - Stopped by Carter Hutton with a rebound.
18:54 of 1st period - Wrist shot by Lubomir Visnovsky.
18:54 of 1st period - Deflect By Tobias Rieder.
18:54 of 1st period - Stopped by Carter Hutton without a rebound.
18:55 of 1st period - Stephen Weiss wins face-off versus Paul Byron in Coyotes zone.
19:25 of 1st period - Off-side.
19:26 of 1st period - Kevin Hayes wins face-off versus Elias Lindholm in neutral zone.
19:39 of 1st period - Slapshot by Elias Lindholm.
19:39 of 1st period - Stopped by Kevin Poulin with a rebound.
Goals for this period are 3 for Panthers vs 1 for Coyotes.
Shots for this period are 16 for Panthers vs 5 for Coyotes.

2nd period


0:01 of 2nd period - Nino Niederreiter wins face-off versus Elias Lindholm in neutral zone.
0:32 of 2nd period - Carlo Colaiacovo is hit by Mark Borowiecki and loses puck.
0:37 of 2nd period - Wrist shot by Dmitrij Jaskin.
0:37 of 2nd period - Shot Blocked by Carlo Colaiacovo.
0:58 of 2nd period - Minor Penalty to Mark Borowiecki for Hooking.
0:59 of 2nd period - Charlie Coyle wins face-off versus Elias Lindholm in Coyotes zone.
1:18 of 2nd period - Wrist shot by Tobias Rieder.
1:18 of 2nd period - Goal by Tobias Rieder - Panthers : 3 - Coyotes : 2.
1:19 of 2nd period - Kevin Hayes wins face-off versus Elias Lindholm in neutral zone.
2:02 of 2nd period - Eric Nystrom is hit by Robert Bortuzzo and loses puck.
2:58 of 2nd period - Penalty to Mark Borowiecki is over, Mark Borowiecki is back on ice.
3:22 of 2nd period - Minor Penalty to Charlie Coyle for Hooking.
3:23 of 2nd period - Stephen Weiss wins face-off versus Kevin Hayes in Panthers zone.
4:46 of 2nd period - Calle Jarnkrok is hit by Stephen Weiss and loses puck.
5:10 of 2nd period - Tobias Rieder is hit by Robert Bortuzzo.
5:22 of 2nd period - Penalty to Charlie Coyle is over, Charlie Coyle is back on ice.
6:47 of 2nd period - Slapshot by Yannick Weber.
6:47 of 2nd period - Deflect By Brad Boyes.
6:47 of 2nd period - Stopped by Kevin Poulin with a rebound.
6:49 of 2nd period - Snap shot by Michal Jordan.
6:49 of 2nd period - Stopped by Kevin Poulin without a rebound.
6:50 of 2nd period - Charlie Coyle wins face-off versus Carter Ashton in Panthers zone.
7:22 of 2nd period - Minor Penalty to Dmitrij Jaskin for Hooking.
7:23 of 2nd period - Elias Lindholm wins face-off versus Charlie Coyle in Coyotes zone.
7:44 of 2nd period - Snap shot by Elias Lindholm.
7:44 of 2nd period - Stopped by Kevin Poulin without a rebound.
7:45 of 2nd period - Kevin Hayes wins face-off versus Elias Lindholm in Panthers zone.
8:21 of 2nd period - Slapshot by Rob Klinkhammer.
8:21 of 2nd period - Shot Misses the Net.
8:29 of 2nd period - Nino Niederreiter is hit by Rob Klinkhammer and loses puck.
9:09 of 2nd period - Greg Pateryn is hit by Brad Boyes and loses puck.
9:22 of 2nd period - Penalty to Dmitrij Jaskin is over, Dmitrij Jaskin is back on ice.
9:29 of 2nd period - Andrej Sustr is hit by Alex Galchenyuk and loses puck.
9:40 of 2nd period - Snap shot by Sean Bergenheim.
9:40 of 2nd period - Shot Misses the Net.
9:42 of 2nd period - Wrist shot by Adam Larsson.
9:42 of 2nd period - Shot Misses the Net.
9:44 of 2nd period - Slapshot by Adam Larsson.
9:44 of 2nd period - Goal by Adam Larsson - Panthers : 4 - Coyotes : 2.
9:45 of 2nd period - Tobias Rieder wins face-off versus Paul Byron in neutral zone.
10:02 of 2nd period - Snap shot by Tobias Rieder.
10:02 of 2nd period - Shot Misses the Net.
10:04 of 2nd period - Snap shot by Tobias Rieder.
10:04 of 2nd period - Stopped by Kevin Poulin with a rebound.
10:06 of 2nd period - Snap shot by Michal Jordan.
10:06 of 2nd period - Stopped by Kevin Poulin with a rebound.
10:08 of 2nd period - Slapshot by Tobias Rieder.
10:08 of 2nd period - Shot Misses the Net.
10:10 of 2nd period - Wrist shot by Rob Klinkhammer.
10:10 of 2nd period - Coyotes goal is going for a video replay.
10:10 of 2nd period - The goal is good.
10:10 of 2nd period - Goal by Rob Klinkhammer - Panthers : 4 - Coyotes : 3.
10:11 of 2nd period - Kevin Hayes wins face-off versus David Jones in neutral zone.
10:22 of 2nd period - Backhand shot by David Jones.
10:22 of 2nd period - Stopped by Kevin Poulin without a rebound.
10:23 of 2nd period - Stephen Weiss wins face-off versus Kevin Hayes in Panthers zone.
10:24 of 2nd period - Snap shot by David Jones.
10:24 of 2nd period - Stopped by Kevin Poulin without a rebound.
10:25 of 2nd period - Kevin Hayes wins face-off versus Stephen Weiss in Panthers zone.
10:40 of 2nd period - Ryan Johansen is hit by R.J. Umberger and loses puck.
11:15 of 2nd period - Calvin de Haan is hit by Eric Nystrom and loses puck.
11:27 of 2nd period - Calle Jarnkrok is hit by Andrej Sustr and loses puck.
13:19 of 2nd period - Slapshot by Alexander Semin.
13:19 of 2nd period - Stopped by Carter Hutton without a rebound.
13:20 of 2nd period - Kevin Hayes wins face-off versus Stephen Weiss in Coyotes zone.
13:43 of 2nd period - Minor Penalty to Stephen Weiss for Interference.
13:44 of 2nd period - Elias Lindholm wins face-off versus Charlie Coyle in Coyotes zone.
14:47 of 2nd period - Andrej Sustr is hit by Calvin de Haan and loses puck.
15:20 of 2nd period - Snap shot by Kevin Hayes.
15:20 of 2nd period - Deflect By Alex Galchenyuk.
15:20 of 2nd period - Shot Misses the Net.
15:20 of 2nd period - Puck is out of play.
15:21 of 2nd period - Kevin Hayes wins face-off versus Rob Klinkhammer in Coyotes zone.
15:24 of 2nd period - Wrist shot by Alex Galchenyuk.
15:24 of 2nd period - Stopped by Carter Hutton with a rebound.
15:26 of 2nd period - Slapshot by Ron Hainsey.
15:26 of 2nd period - Stopped by Carter Hutton with a rebound.
15:43 of 2nd period - Penalty to Stephen Weiss is over, Stephen Weiss is back on ice.
15:47 of 2nd period - Icing by Greg Pateryn.
15:48 of 2nd period - Charlie Coyle wins face-off versus Eric Nystrom in Coyotes zone.
15:51 of 2nd period - Snap shot by Nino Niederreiter.
15:51 of 2nd period - Goal by Nino Niederreiter - Panthers : 5 - Coyotes : 3.
15:52 of 2nd period - Charlie Coyle wins face-off versus Stephen Weiss in neutral zone.
15:59 of 2nd period - R.J. Umberger is hit by Brad Boyes and loses puck.
16:15 of 2nd period - Minor Penalty to Carlo Colaiacovo for Interference.
16:16 of 2nd period - Kevin Hayes wins face-off versus Stephen Weiss in Panthers zone.
16:39 of 2nd period - Snap shot by Stephen Weiss.
16:39 of 2nd period - Stopped by Kevin Poulin with a rebound.
16:41 of 2nd period - Snap shot by R.J. Umberger.
16:41 of 2nd period - Shot Misses the Net.
17:26 of 2nd period - Eric Nystrom is hit by Robert Bortuzzo and loses puck.
17:54 of 2nd period - Jack Hillen is hit by R.J. Umberger and loses puck.
18:12 of 2nd period - Snap shot by Eric Nystrom.
18:12 of 2nd period - Stopped by Kevin Poulin with a rebound.
18:14 of 2nd period - Wrist shot by Eric Nystrom.
18:14 of 2nd period - Stopped by Kevin Poulin with a rebound.
18:15 of 2nd period - Penalty to Carlo Colaiacovo is over, Carlo Colaiacovo is back on ice.
18:16 of 2nd period - Snap shot by Eric Nystrom.
18:16 of 2nd period - Deflect By Tobias Rieder.
18:16 of 2nd period - Shot Misses the Net.
18:16 of 2nd period - Puck is out of play.
18:17 of 2nd period - Charlie Coyle wins face-off versus Elias Lindholm in Panthers zone.
18:30 of 2nd period - Wrist shot by Jakob Silfverberg.
18:30 of 2nd period - Stopped by Carter Hutton without a rebound.
18:31 of 2nd period - Charlie Coyle wins face-off versus Tobias Rieder in Coyotes zone.
18:34 of 2nd period - Slapshot by Jakob Silfverberg.
18:34 of 2nd period - Stopped by Carter Hutton with a rebound.
19:16 of 2nd period - Snap shot by Alex Galchenyuk.
19:16 of 2nd period - Stopped by Carter Hutton without a rebound.
19:17 of 2nd period - Alex Galchenyuk wins face-off versus Stephen Weiss in Coyotes zone.
19:26 of 2nd period - Backhand shot by Sean Bergenheim.
19:26 of 2nd period - Stopped by Carter Hutton without a rebound.
19:27 of 2nd period - Stephen Weiss wins face-off versus Nino Niederreiter in Coyotes zone.
Goals for this period are 2 for Panthers vs 2 for Coyotes.
Shots for this period are 9 for Panthers vs 12 for Coyotes.

3rd period


0:01 of 3rd period - Elias Lindholm wins face-off versus Nino Niederreiter in neutral zone.
0:06 of 3rd period - Ron Hainsey is hit by Mark Borowiecki and loses puck.
0:11 of 3rd period - Wrist shot by Dmitrij Jaskin.
0:11 of 3rd period - Shot Misses the Net.
0:13 of 3rd period - Slapshot by Eric Nystrom.
0:13 of 3rd period - Stopped by Kevin Poulin with a rebound.
0:21 of 3rd period - Slapshot by Eric Nystrom.
0:21 of 3rd period - Stopped by Kevin Poulin with a rebound.
0:59 of 3rd period - Carlo Colaiacovo is hit by Yannick Weber and loses puck.
1:40 of 3rd period - Wrist shot by Rob Klinkhammer.
1:40 of 3rd period - Shot Misses the Net.
1:42 of 3rd period - Wrist shot by Tobias Rieder.
1:42 of 3rd period - Stopped by Kevin Poulin with a rebound.
1:48 of 3rd period - Snap shot by Tobias Rieder.
1:48 of 3rd period - Stopped by Kevin Poulin with a rebound.
1:50 of 3rd period - Wrist shot by Rob Klinkhammer.
1:50 of 3rd period - Shot Misses the Net.
1:52 of 3rd period - Snap shot by Greg Pateryn.
1:52 of 3rd period - Shot Misses the Net.
2:24 of 3rd period - Elias Lindholm is hit by Robert Bortuzzo and loses puck.
2:33 of 3rd period - Wrist shot by Alexander Semin.
2:33 of 3rd period - Stopped by Carter Hutton with a rebound.
2:43 of 3rd period - Adam Larsson is hit by Bobby Butler and loses puck.
3:43 of 3rd period - Slapshot by Elias Lindholm.
3:43 of 3rd period - Shot Blocked by Charlie Coyle.
4:22 of 3rd period - Slapshot by Dmitrij Jaskin.
4:22 of 3rd period - Goal by Dmitrij Jaskin - Panthers : 5 - Coyotes : 4.
4:23 of 3rd period - Kevin Hayes wins face-off versus David Jones in neutral zone.
4:26 of 3rd period - Wrist shot by Kevin Hayes.
4:26 of 3rd period - Shot Blocked by Michal Jordan.
4:28 of 3rd period - Snap shot by Ron Hainsey.
4:28 of 3rd period - Shot Misses the Net.
4:57 of 3rd period - Wrist shot by Kevin Hayes.
4:57 of 3rd period - Stopped by Carter Hutton with a rebound.
4:59 of 3rd period - Slapshot by Ron Hainsey.
4:59 of 3rd period - Shot Blocked by Michal Jordan.
5:45 of 3rd period - Minor Penalty to Alex Galchenyuk for Goalie Interference.
5:46 of 3rd period - Elias Lindholm wins face-off versus Kevin Hayes in Panthers zone.
6:47 of 3rd period - Off-side.
6:48 of 3rd period - Kevin Hayes wins face-off versus Tobias Rieder in neutral zone.
6:51 of 3rd period - Slapshot by Calvin de Haan.
6:51 of 3rd period - Deflect By Tobias Rieder.
6:51 of 3rd period - Stopped by Carter Hutton without a rebound.
6:52 of 3rd period - Elias Lindholm wins face-off versus Sean Bergenheim in Coyotes zone.
6:52 of 3rd period - Elias Lindholm is hit by Calvin de Haan.
7:45 of 3rd period - Penalty to Alex Galchenyuk is over, Alex Galchenyuk is back on ice.
8:08 of 3rd period - Snap shot by Bobby Butler.
8:08 of 3rd period - Stopped by Kevin Poulin with a rebound.
8:14 of 3rd period - Slapshot by Lubomir Visnovsky.
8:14 of 3rd period - Stopped by Carter Hutton with a rebound.
8:27 of 3rd period - Icing by Mark Barberio.
8:28 of 3rd period - Charlie Coyle wins face-off versus Elias Lindholm in Coyotes zone.
8:51 of 3rd period - Snap shot by Brad Boyes.
8:51 of 3rd period - Shot Misses the Net.
8:53 of 3rd period - Slapshot by Adam Larsson.
8:53 of 3rd period - Shot Blocked by Mark Barberio.
8:55 of 3rd period - Wrist shot by Brad Boyes.
8:55 of 3rd period - Goal by Brad Boyes - Panthers : 6 - Coyotes : 4.
8:56 of 3rd period - Stephen Weiss wins face-off versus Paul Byron in neutral zone.
9:23 of 3rd period - Snap shot by David Jones.
9:23 of 3rd period - Shot Blocked by Robert Bortuzzo.
9:25 of 3rd period - Wrist shot by Stephen Weiss.
9:25 of 3rd period - Shot Misses the Net.
9:27 of 3rd period - Slapshot by Andrej Sustr.
9:27 of 3rd period - Stopped by Kevin Poulin with a rebound.
9:49 of 3rd period - Snap shot by Tobias Rieder.
9:49 of 3rd period - Shot Blocked by Robert Bortuzzo.
11:01 of 3rd period - Minor Penalty to Charlie Coyle for Tripping.
11:02 of 3rd period - Kevin Hayes wins face-off versus Stephen Weiss in Panthers zone.
11:13 of 3rd period - Slapshot by Andrej Sustr.
11:13 of 3rd period - Shot Misses the Net.
11:15 of 3rd period - Slapshot by R.J. Umberger.
11:15 of 3rd period - Goal by R.J. Umberger - Panthers : 6 - Coyotes : 5.
11:16 of 3rd period - Charlie Coyle wins face-off versus Tobias Rieder in neutral zone.
11:27 of 3rd period - Carlo Colaiacovo is hit by Rob Klinkhammer and loses puck.
12:06 of 3rd period - Kevin Hayes is hit by R.J. Umberger.
12:56 of 3rd period - Snap shot by Alex Galchenyuk.
12:56 of 3rd period - Shot Hit the Post.
13:14 of 3rd period - Snap shot by Dmitrij Jaskin.
13:14 of 3rd period - Shot Misses the Net.
13:45 of 3rd period - Rob Klinkhammer is hit by Charlie Coyle and loses puck.
13:54 of 3rd period - Minor Penalty to Robert Bortuzzo for Tripping.
13:55 of 3rd period - Kevin Hayes wins face-off versus Stephen Weiss in Panthers zone.
14:21 of 3rd period - Icing by Michal Jordan.
14:22 of 3rd period - Kevin Hayes wins face-off versus Stephen Weiss in Coyotes zone.
14:28 of 3rd period - Icing by R.J. Umberger.
14:29 of 3rd period - Kevin Hayes wins face-off versus Stephen Weiss in Coyotes zone.
15:11 of 3rd period - Carlo Colaiacovo is hit by T.J. Brennan.
15:36 of 3rd period - Wrist shot by Stephen Weiss.
15:36 of 3rd period - Stopped by Kevin Poulin with a rebound.
15:42 of 3rd period - Yannick Weber is hit by Kevin Hayes and loses puck.
15:54 of 3rd period - Penalty to Robert Bortuzzo is over, Robert Bortuzzo is back on ice.
16:41 of 3rd period - Slapshot by Greg Pateryn.
16:41 of 3rd period - Deflect By Bobby Butler.
16:41 of 3rd period - Stopped by Kevin Poulin without a rebound.
16:42 of 3rd period - Kevin Hayes wins face-off versus Elias Lindholm in Panthers zone.
16:50 of 3rd period - Minor Penalty to Kevin Hayes for Slashing.
16:51 of 3rd period - Brad Boyes wins face-off versus Eric Nystrom in Panthers zone.
16:51 of 3rd period - Brad Boyes is hit by Eric Nystrom.
17:31 of 3rd period - Snap shot by Stephen Weiss.
17:31 of 3rd period - Stopped by Kevin Poulin with a rebound.
17:53 of 3rd period - Snap shot by Eric Nystrom.
17:53 of 3rd period - Goal by Eric Nystrom - Panthers : 6 - Coyotes : 6.
17:54 of 3rd period - Alexander Semin wins face-off versus Elias Lindholm in neutral zone.
18:12 of 3rd period - Wrist shot by Elias Lindholm.
18:12 of 3rd period - Shot Blocked by Adam Larsson.
18:14 of 3rd period - Slapshot by Michal Jordan.
18:14 of 3rd period - Stopped by Kevin Poulin without a rebound.
18:15 of 3rd period - Stephen Weiss wins face-off versus Paul Byron in Panthers zone.
19:09 of 3rd period - Ron Hainsey is hit by T.J. Brennan and loses puck.
19:23 of 3rd period - Slapshot by Brad Boyes.
19:23 of 3rd period - Shot Misses the Net.
19:35 of 3rd period - Snap shot by Charlie Coyle.
19:35 of 3rd period - Stopped by Carter Hutton with a rebound.
Goals for this period are 1 for Panthers vs 3 for Coyotes.
Shots for this period are 6 for Panthers vs 13 for Coyotes.

Overtime #1


0:01 of 1st overtime period - Calle Jarnkrok wins face-off versus Elias Lindholm in neutral zone.
0:10 of 1st overtime period - Snap shot by Kevin Hayes.
0:10 of 1st overtime period - Stopped by Carter Hutton with a rebound.
0:12 of 1st overtime period - Snap shot by Calle Jarnkrok.
0:12 of 1st overtime period - Stopped by Carter Hutton with a rebound.
0:19 of 1st overtime period - Slapshot by Robert Bortuzzo.
0:19 of 1st overtime period - Shot Misses the Net.
0:21 of 1st overtime period - Slapshot by Ron Hainsey.
0:21 of 1st overtime period - Shot Misses the Net.
0:23 of 1st overtime period - Slapshot by Calle Jarnkrok.
0:23 of 1st overtime period - Shot Misses the Net.
0:25 of 1st overtime period - Slapshot by Ron Hainsey.
0:25 of 1st overtime period - Stopped by Carter Hutton with a rebound.
0:27 of 1st overtime period - Slapshot by Ron Hainsey.
0:27 of 1st overtime period - Shot Blocked by Tobias Rieder.
0:29 of 1st overtime period - Slapshot by Ron Hainsey.
0:29 of 1st overtime period - Deflect By Elias Lindholm.
0:29 of 1st overtime period - Stopped by Carter Hutton without a rebound.
0:30 of 1st overtime period - Calle Jarnkrok wins face-off versus Elias Lindholm in Coyotes zone.
1:14 of 1st overtime period - Calvin de Haan is hit by Yannick Weber and loses puck.
1:27 of 1st overtime period - Tobias Rieder is hit by Calvin de Haan and loses puck.
1:50 of 1st overtime period - Charlie Coyle is hit by Carter Ashton and loses puck.
1:59 of 1st overtime period - Snap shot by Carter Ashton.
1:59 of 1st overtime period - Shot Misses the Net.
3:27 of 1st overtime period - Backhand shot by Rob Klinkhammer.
3:27 of 1st overtime period - Stopped by Kevin Poulin without a rebound.
3:28 of 1st overtime period - Calle Jarnkrok wins face-off versus Elias Lindholm in Panthers zone.
Goals for this period are 0 for Panthers vs 0 for Coyotes.
Shots for this period are 4 for Panthers vs 1 for Coyotes.

ShootOut


5:00 of 1st overtime period - Penalty Shot by Kevin Hayes for Panthers.
5:00 of 1st overtime period - Wrist shot by Kevin Hayes.
5:00 of 1st overtime period - Shot Misses the Net.
5:00 of 1st overtime period - Penalty Shot by Elias Lindholm for Coyotes.
5:00 of 1st overtime period - Snap shot by Elias Lindholm.
5:00 of 1st overtime period - Shot Misses the Net.
5:00 of 1st overtime period - Penalty Shot by Brad Boyes for Panthers.
5:00 of 1st overtime period - Snap shot by Brad Boyes.
5:00 of 1st overtime period - Stopped by Carter Hutton.
5:00 of 1st overtime period - Penalty Shot by Tobias Rieder for Coyotes.
5:00 of 1st overtime period - Wrist shot by Tobias Rieder.
5:00 of 1st overtime period - Stopped by Kevin Poulin.
5:00 of 1st overtime period - Penalty Shot by Calle Jarnkrok for Panthers.
5:00 of 1st overtime period - Deke by Calle Jarnkrok.
5:00 of 1st overtime period - Stopped by Carter Hutton.
5:00 of 1st overtime period - Penalty Shot by Dmitrij Jaskin for Coyotes.
5:00 of 1st overtime period - Backhand shot by Dmitrij Jaskin.
5:00 of 1st overtime period - Stopped by Kevin Poulin.
5:00 of 1st overtime period - Penalty Shot by Charlie Coyle for Panthers.
5:00 of 1st overtime period - Backhand shot by Charlie Coyle.
5:00 of 1st overtime period - Stopped by Carter Hutton.
5:00 of 1st overtime period - Penalty Shot by Eric Nystrom for Coyotes.
5:00 of 1st overtime period - Snap shot by Eric Nystrom.
5:00 of 1st overtime period - Stopped by Kevin Poulin.
5:00 of 1st overtime period - Penalty Shot by Alex Galchenyuk for Panthers.
5:00 of 1st overtime period - Snap shot by Alex Galchenyuk.
5:00 of 1st overtime period - Shot Misses the Net.
5:00 of 1st overtime period - Penalty Shot by David Jones for Coyotes.
5:00 of 1st overtime period - Snap shot by David Jones.
5:00 of 1st overtime period - Shot Misses the Net.
5:00 of 1st overtime period - Penalty Shot by Jakob Silfverberg for Panthers.
5:00 of 1st overtime period - Snap shot by Jakob Silfverberg.
5:00 of 1st overtime period - Goal by Jakob Silfverberg.
5:00 of 1st overtime period - Penalty Shot by Rob Klinkhammer for Coyotes.
5:00 of 1st overtime period - Wrist shot by Rob Klinkhammer.
5:00 of 1st overtime period - Stopped by Kevin Poulin.